 Dungeon Crawl Stone Soup version 0.17-a0-1567-gdd419b1 (console) character file.

1309 utis the Cudgeler (level 8, -2/72 HPs)
             Began as a Tengu Fighter on July 22, 2015.
             Slain by an ogre
             ... wielding a +0 giant club
              (4 damage)
             ... on level 5 of the Dungeon.
             The game lasted 00:21:45 (8241 turns).

utis the Cudgeler (Tengu Fighter)                   Turns: 8241, Time: 00:21:45

Health: -2/72      AC: 25    Str: 16    XL:     8   Next: 58%
Magic:  8/9        EV:  2    Int: 12    God:
Gold:   299        SH:  9    Dex: 13    Spells: 0 memorised, 7 levels left

rFire  . . .     SeeInvis .     a - +1 flail
rCold  . . .     Clarity  .     (armour currently unavailable)
rNeg   + + +     SustAt   .     c - +0 shield
rPois  +         Gourm    .     (helmet currently unavailable)
rElec  .         Spirit   .     (cloak currently unavailable)
rCorr  .         Warding  .     (gloves currently unavailable)
rMut   .         NoTele   +     (boots unavailable)
MR     .....                    (no amulet)
Stlth  ++........               y - ring of stealth
                                f - +1 ring of protection

@: tree-form, not resistant to hostile enchantments, unstealthy
A: (beak), (talons 0), able to fly 1
a: Fly


You were on level 5 of the Dungeon.
You were hungry.
You were a tree.
You visited 1 branch of the dungeon, and saw 6 of its levels.

You collected 299 gold pieces.

Inventory:

Hand weapons
 a - a +1 flail (weapon)
 g - a +0 whip
 h - a +2 spear of venom
 I - a +0 hunting sling
Missiles
 i - 45 poisoned needles
 k - 93 stones (quivered)
 z - 11 sling bullets of frost
 G - 5 tomahawks
 H - 19 sling bullets
 J - 3 tomahawks of dispersal {=f}
Armour
 b - a +0 scale mail (melded)
 c - a +0 shield (worn)
 d - a +0 helmet
 l - a +2 helmet
 D - a +0 pair of boots
Magical staves
 s - an uncursed staff of conjuration {!a}
Jewellery
 f - a +1 ring of protection (left branch)
 y - a ring of stealth (right branch)
Magical devices
 m - a wand of random effects (12)
 K - a wand of fireball (14)
Scrolls
 p - a scroll of enchant weapon
 t - a scroll of remove curse
 C - 2 scrolls of identify
 E - a scroll of fog {unknown}
Potions
 n - a potion of beneficial mutation {unknown}
 o - a potion of brilliance
 q - a potion of lignification
 u - a potion of magic {unknown}
 x - 2 potions of curing {unknown}
 A - 2 potions of agility {unknown}
 B - 2 potions of degeneration {unknown}
 F - 2 potions of flight {unknown}
Books
 j - a book of the Earth

   Spells                             Type                      Level
   a - Leda's Liquefaction            Hexes/Earth                  4
   b - Bolt of Magma                  Conjuration/Fire/Earth       5
   c - Statue Form                    Transmutation/Earth          6
   d - Iron Shot                      Conjuration/Earth            6
   e - Shatter                        Earth                        9
Comestibles
 e - 3 bread rations
 v - 3 chunks of flesh
 w - 2 meat rations


   Skills:
 + Level 4.0 Fighting
 * Level 7.0 Maces & Flails
 + Level 6.8 Armour
 + Level 5.5 Dodging
 - Level 3.0 Shields


You had 7 spell levels left.
You didn't know any spells.

Dungeon Overview and Level Annotations

Branches:
Dungeon (6/15)             Temple (0/1) D:5

Altars:
Ashenzari
Cheibriados
Dithmenos
Nemelex Xobeh
Okawaru
Ru
Yredelemnul


Innate Abilities, Weirdness & Mutations

((You have a beak for a mouth.))
((You have claws for feet.))
You can fly.


Message History

You barely miss the orc warrior.
The orc warrior is severely wounded.
You block the orc warrior's attack.
You barely miss the orc warrior.
The orc warrior is severely wounded.
The ogre hits you with a giant club!
* * * LOW HITPOINT WARNING * * *
You closely miss the orc warrior.
The orc warrior is severely wounded.
You block the orc warrior's attack. The ogre hits you but does no damage.
You barely miss the orc warrior.
The orc warrior is severely wounded.
The orc warrior hits you but does no damage.
The ogre hits you but does no damage.
You hit the orc warrior.
The orc warrior is severely wounded.
The orc warrior hits you with a broad axe!
* * * LOW HITPOINT WARNING * * *
The ogre hits you with a giant club.
You die...

)..▓ ▓▓.▓▓ ▓.▓ ▓.▓ ▓▓▓▓ ▓.▓ ▓➘▓
▓.▓ ▓ ▓.▓ ▓.▓ ▓.. ▓ ▓▓'▓▓ ▓.▓ ▓▓▓
▓ ▓▓...▓▓ ▓<▓ ▓▓ ▓▓.....▓▓
▓▓▓▓.▓▓▓ .▓▓ ▓▓.......▓▓
▓▓......▓ ▓
..▓▓▓▓.........▓▓▓▓...▓.▓.▓▓▓▓▓▓▓
.....'.........O♣o....[...➘.➘....
..▓▓▓▓.........▓▓▓▓...▓.▓➘▓▓▓.▓..
.▓▓ ▓▓.......▓▓ ▓▓.▓▓▓.➘▓ ▓.▓..
▓▓▓ ▓▓▓▓.....▓▓ ▓▓.▓.▓.▓ ▓.▓▓.
..▓ ▓.)......▓ ▓..▓▓.▓ ▓.▓▓. ▓.▓
▓.▓▓▓▓'▓.▓ ▓..▓▓.▓▓▓.▓▓. ▓.▓ ▓.▓
▓.▓.▓ ▓➘....▓▓...▓▓ ▓.▓▓▓.▓
▓▓▓▓▓▓ ▓▓.▓▓▓▓.....▓
▓.....▓8...8▓ ▓.▓▓▓.......


You could see an orc warrior and an ogre.

Vanquished Creatures
  Sigmund (D:4)
  Eustachio (D:4)
  The ghost of Duffy the Digger, an average VSEE (D:5)
  A sky beast (D:5)
  2 ogres
  A centaur (D:5)
  4 orc wizards
  A hound (D:4)
  An iguana (D:4)
  3 orc priests
  4 worker ants
  Robin (D:3)
  6 adders
  3 oozes
  2 adder skeletons
  4 worms
  4 giant geckos
  22 orcs
  A ball python (D:2)
  A bat zombie (D:5)
  10 hobgoblins
  4 quokkas
  14 bats
  6 giant cockroaches
  A giant gecko zombie (D:6)
  3 giant newts
  22 goblins
  4 jackals (D:5)
  9 kobolds
  12 rats
149 creatures vanquished.

Notes
Turn   | Place    | Note
--------------------------------------------------------------
     0 | D:1      | utis the Tengu Fighter began the quest for the Orb.
     0 | D:1      | Reached XP level 1. HP: 14/14 MP: 2/2
   134 | D:1      | Reached XP level 2. HP: 17/19 MP: 3/3
   825 | D:2      | Reached XP level 3. HP: 23/23 MP: 4/4
   868 | D:2      | Reached skill level 4 in Maces & Flails
   879 | D:2      | Found a shattered altar of Ashenzari.
  1219 | D:2      | Reached XP level 4. HP: 28/28 MP: 5/5
  1546 | D:3      | Found a snail-covered altar of Cheibriados.
  2028 | D:3      | Reached skill level 5 in Maces & Flails
  2310 | D:3      | Noticed Robin
  2316 | D:3      | oops
  2350 | D:3      | Killed Robin
  2364 | D:3      | Gained mutation: You can fly. [Tengu growth]
  2364 | D:3      | Reached XP level 5. HP: 32/32 MP: 6/6
  2958 | D:3      | Reached skill level 1 in Dodging
  3072 | D:4      | Noticed an ogre
  3406 | D:4      | Noticed Sigmund
  3525 | D:4      | Reached XP level 6. HP: 37/37 MP: 3/7
  3614 | D:4      | Noticed Eustachio
  4485 | D:4      | Killed Eustachio
  4485 | D:4      | Reached skill level 5 in Armour
  4717 | D:4      | Killed Sigmund
  4717 | D:4      | Reached XP level 7. HP: 6/41 MP: 6/8
  5648 | D:4      | Killed an ogre
  5648 | D:4      | Reached skill level 6 in Armour
  5766 | D:5      | Entered Level 5 of the Dungeon
  5813 | D:5      | Noticed Duffy's ghost (average VSEE)
  5821 | D:5      | Killed Duffy's ghost
  6293 | D:5      | Reached skill level 5 in Dodging
  6293 | D:5      | Reached XP level 8. HP: 43/46 MP: 5/9
  6326 | D:5      | Found an iron altar of Okawaru.
  6481 | D:5      | Found a staircase to the Ecumenical Temple.
  7441 | D:5      | Found a sparkling altar of Nemelex Xobeh.
  7609 | D:5      | Found a shadowy altar of Dithmenos.
  7617 | D:5      | Found a sacrificial altar of Ru.
  7659 | D:5      | Found a basalt altar of Yredelemnul.
  8061 | D:5      | Reached skill level 7 in Maces & Flails
  8241 | D:5      | HP: 2/72 [orc warrior/broad axe (8)]
  8241 | D:5      | Slain by an ogre

Vault maps used:
D:1:      evilmike_arrival_sounds_zot
D:2:      ashenzari_altar_1
D:3:      kennysheep_six_static_rooms, overflow_temple_1_default, uniq_robin
D:4:      uniq_sigmund, uniq_eustachio
D:5:      lemuel_crystal_altar, gammafunk_temple_overflow_forgotten,
          lemuel_round_altar, minmay_temple_entry_from_below_b, first_bread
D:6:      wad_pebble_path, vehumet_crystals, led_sif_book

Action                   |  1- 3 |  4- 6 |  7- 9 || total
-------------------------+-------+-------+-------++-------
Melee: Flail             |    77 |   162 |   176 ||   415
       Staff             |       |    97 |       ||    97
 Fire: Hunting sling     |       |       |     2 ||     2
Throw: Stone             |    42 |    43 |    40 ||   125
 Abil: Fly               |       |    10 |    20 ||    30
Evoke: Wand              |       |     6 |       ||     6
  Use: Scroll            |     6 |     5 |     1 ||    12
       Potion            |       |     6 |     1 ||     7
  Eat: Chunk             |     1 |    13 |    12 ||    26
       Fruit             |       |       |     2 ||     2
